 Dungeon Crawl Stone Soup version 0.28-a0-1312-g71652a0310 (webtiles) character file.

Game seed: 5243702455744707647

34659 Iscandelvey the Thaumaturge (level 13, -36/82 HPs)
             Began as a Demonspawn Arcane Marksman on Dec 26, 2021.
             Was an Initiate of Gozag.
             Killed from afar by an ancient lich (70 damage)
             ... with a bolt of acid
             ... on level 2 of the Abyss on Dec 27, 2021.
             The game lasted 03:25:19 (23580 turns).

Iscandelvey the Thaumaturge (DsAM)                 Turns: 23580, Time: 03:25:25

Health: -36/82     AC: 28    Str:  5 (7)  XL:     13   Next: 43%
Magic:  20/31      EV: 13    Int: 11 (14) God:    Gozag
Gold:   2525       SH: 10    Dex: 22 (24) Spells: 8/34 levels left

rFire   . . .      SeeInvis .   Z - +9 dagger of the Puffin {vorpal, Fragile rF- rC+++ Dex+7}
rCold   + + +      Faith    .   S - +0 buckler
rNeg    + . .      Spirit   .   j - +5 ring mail of the Teacher {Will+}
rPois   +          Reflect  .   c - +2 hat
rElec   .          Harm     .   k - scarf {rC+ rF+}
rCorr   .          Rampage  +   h - +3 pair of gloves of Vehumet's Favour {Rampage MP+9 Dex+2}
Will    +....      Rage     9%  T - +0 pair of boots
Stlth   +++.......              o - amulet of regeneration
HPRegen 1.03/turn               t - ring of poison resistance
MPRegen 0.22/turn               H - ring of positive energy

@: about to teleport, corroded, sanguine armoured
A: icemail 1, powered by death 2, sanguine armour 3, condensation shield,
[berserk 3], [deformed body], [deterioration 2], [dopey 2], [low mp 2],
[screaming 2], [weak 2], [subdued magic 3]
a: Renounce Religion, Potion Petition, Call Merchant, Bribe Branch


You were on level 2 of the Abyss.
You worshipped Gozag.
Gozag was most pleased with you.
You visited 4 branches of the dungeon, and saw 16 of its levels.
You visited the Abyss 1 time.
You also visited: Bailey.

You collected 4674 gold pieces.
You spent 2053 gold pieces at shops.
You paid 96 gold pieces to Gozag.

Inventory:

Hand Weapons
 f - a +2 whip of flaming
 z - a +0 dagger of electrocution
 B - a +1 whip of freezing
 Z - the +9 dagger of the Puffin (weapon) {vorpal, Fragile rF- rC+++ Dex+7}
   (You found it on level 2 of the Abyss)

   It inflicts extra damage upon your enemies.
   Dex:       It affects your dexterity (+7).
   rF:        It makes you vulnerable to fire.
   rC:        It renders you almost immune to cold.
   Fragile:   It will be destroyed if unequipped.
Missiles
 l - 13 boomerangs
 p - 39 poisoned darts (quivered)
 I - 2 boomerangs of dispersal
 O - 4 throwing nets
Armour
 c - a +2 hat (worn)
 h - the +3 pair of gloves of Vehumet's Favour (worn) {Rampage MP+9 Dex+2}
   (You acquired it on level 5 of the Dungeon)

   Dex:       It affects your dexterity (+2).
   MP:        It affects your magic capacity (+9).
   Rampage:   It bestows one free step when moving towards enemies.
 j - the +5 ring mail of the Teacher (worn) {Will+}
   (You bought it in a shop on level 2 of the Orcish Mines)

   Will:      It increases your willpower.
 k - a scarf of resistance (worn)
 u - a +2 robe of cold resistance
 R - a +2 cloak
 S - a +0 buckler (worn)
 T - a +0 pair of boots (worn)
Jewellery
 d - a ring of fire
 o - an amulet of regeneration (around neck)
 t - a ring of poison resistance (left hand)
 H - a ring of positive energy (right hand)
Wands
 e - a wand of iceblast (7)
 q - a wand of polymorph (7)
 A - a wand of paralysis (12)
 C - a wand of acid (9)
 Q - a wand of flame (18)
Scrolls
 b - 2 scrolls of brand weapon
 g - a scroll of teleportation
 i - 3 scrolls of enchant armour {unknown}
 y - 3 scrolls of fear
 D - 2 scrolls of silence
 F - 4 scrolls of immolation
 N - a scroll of noise {unknown}
 U - 3 scrolls of amnesia {unknown}
 V - 2 scrolls of blinking
 W - 3 scrolls of enchant weapon
 X - 2 scrolls of vulnerability {unknown}
 Y - a scroll of identify
Potions
 m - 5 potions of curing
 n - 2 potions of might
 r - 5 potions of heal wounds
 s - 4 potions of mutation {unknown}
 v - 5 potions of haste
 w - a potion of berserk rage {unknown}
 x - 3 potions of lignification {unknown}
 E - 3 potions of brilliance
 G - a potion of experience
 J - a potion of flight
 K - 4 potions of degeneration {unknown}
 L - a potion of magic {unknown}
 M - 2 potions of invisibility {unknown}
 P - 2 potions of ambrosia {unknown}
Miscellaneous
 a - a lightning rod (4/4)


   Skills:
 - Level 1.2 Fighting
 - Level 1.9(2.7) Slings
 - Level 2.9(3.2) Throwing
 - Level 6.4 Armour
 + Level 7.9 Dodging
 - Level 7.0 Stealth
 + Level 3.4 Shields
 * Level 11.2 Spellcasting
 * Level 7.0 Conjurations
 - Level 9.0 Hexes
 - Level 3.8 Ice Magic
 + Level 1.6 Earth Magic
 + Level 7.7 Evocations


You had 8 spell levels left.
You knew the following spells:

 Your Spells              Type           Power      Damage    Failure   Level
a - Slow                  Hex            52%        N/A       1%          1
b - Cause Fear            Hex            6%         N/A       6%          4
c - Beastly Appendage     Tmut           6%         N/A       30%         1
d - Wereblood             Tmut           3%         N/A       43%         2
e - Leda's Liquefaction   Hex/Erth       4%         N/A       32%         4
f - Freeze                Ice            28%        1d5       4%          1
g - Hailstorm             Conj/Ice       9%         3d4       30%         4
h - Fulminant Prism       Conj/Hex       6%         3d7       10%         4
i - Stone Arrow           Conj/Erth      16%        3d8       14%         3
j - Passwall              Tmut/Erth      3%         N/A       32%         2

Your spell library contained the following spells:

 Spells                   Type           Power      Damage    Failure   Level
 Inner Flame              Hex/Fire       8%         N/A       13%         3
 Portal Projectile        Hex/Tloc       16%        N/A       13%         3
 Sandblast                Erth           10%        2d5       14%         1
 Frozen Ramparts          Ice            14%        1d3       17%         3
 Pain                     Necr           12%        1d4       30%         1
 Iskenderun's Battlesphe  Conj           11%        2d7       43%         5
 Iskenderun's Mystic Bla  Conj/Tloc      7%         2d4       58%         4
 Call Canine Familiar     Summ           3%         N/A       69%         3
 Spider Form              Tmut/Pois      3%         N/A       69%         3
 Summon Lightning Spire   Summ/Air       3%         N/A       98%         4
 Lee's Rapid Deconstruct  Erth           2%         3d6*      99%         5
 Agony                    Necr           3%         N/A       100%        5
 Excruciating Wounds      Necr           1%         N/A       100%        5
 Iron Shot                Conj/Erth      4%         9d2       100%        6
 Dragon Form              Tmut           1%         N/A       100%        7
 Spellforged Servitor     Conj/Summ      3%         N/A       100%        7
 Storm Form               Tmut/Air       1%         N/A       100%        7
 Maxwell's Capacitive Co  Air            1%         ∞         100%        8
 Dragon's Call            Summ           1%         N/A       100%        9


Dungeon Overview and Level Annotations

Branches:
Dungeon (11/15)            Temple (1/1) D:5            Lair (2/6) D:8
  Snake (0/4) Lair:2          Orc (2/2) D:10            Elf (0/3) Orc:2
 Bailey (visited)
  Swamp: Lair:2-4    Shoals: Lair:2-4    Spider: Lair:2-4

Altars:
Ashenzari
Cheibriados
Dithmenos
Elyvilon
Fedhas
Gozag
Hepliaklqana
Kikubaaqudgha
Makhleb
Nemelex Xobeh
Okawaru
Qazlal
Ru
Sif Muna
Trog
Uskayaw
Vehumet
Wu Jian
Xom
Yredelemnul
Zin
The Shining One
Beogh

Shops:
D:5 !   Orc:2 *[:*

Portals:
Trove: D:10 (give 17 potions of curing)

Annotations:
D:6 3 runed translucent doors, ThereIsNoGod's ghost, novice DsAK
D:11 Sonja
Abyss:2 3 runed translucent doors


Innate Abilities, Weirdness & Mutations

A meltable icy envelope protects you from harm. (AC +4)
You regenerate health from kills.
When seriously injured, your blood forms very thick armour. (AC +12)
A meltable shield of frost defends you. (SH +4)
[You have an uncontrollable temper.]
[Armour fits poorly on your strangely shaped body.]
[Your body often deteriorates upon taking damage.]
[You are very dopey. (Int -4)]
[Your magical capacity is very low. (-20% MP)]
[You frequently scream uncontrollably at your foes.]
[You are very weak. (Str -4)]
[Your spells are much easier to cast, but much less powerful.]


Message History

Aiming: Polymorph
Press: ? - help, Shift-Dir - straight line, f - small abomination
Aim: a small abomination (not susceptible)
Okay, then.
Unknown command.
As you read the scroll of teleportation, it crumbles to dust.
You feel strangely unstable.
You feel the power of the Abyss delaying your translocation!
The ancient lich casts a spell.
The ancient lich flickers and vanishes!
The small abomination hits you but does no damage.
The small abomination barely misses you.
You hit the small abomination.
The small abomination is lightly damaged.
A wind drake comes into view.
The small abomination hits you but does no damage.
Something barely misses you.
Found a scroll of blinking and a scroll of identify.
The wind drake exhales a fierce blast of wind!
The small abomination barely misses you.
The small abomination hits you. The wind drake barely misses you.
You hear some strange, mumbled words.
A bolt of acid appears from out of thin air!
The bolt of acid hits you!!!
Ouch! That really hurt!
Your body deteriorates!
You feel weakened.
Your blood congeals into armour.
The acid corrodes you! The wind drake bites you!
A will-o-the-wisp comes into view.
The will-o-the-wisp gives a chilling moan.
The wind drake exhales a fierce blast of wind!
You are blown backwards!
The wind drake flaps its wings at you. The air twists around and strikes you.
You hear some strange, mumbled words.
A bolt of acid appears from out of thin air!
The bolt of acid hits you!!!
Ouch! That really hurt!
You die...
Your body crumbles into a pile of gold.

. .#. . .###..#.#
... # #.........
.#.##......#..≈.
..#...#..≈..#.
...........v.
#....#?.#?# #
#...#.@#..##.# ..#
..#.....{....# ...
#.#.##x...#...# #
#.#.##.......##
#.#...#..k.....###
.....#.##.#....#
#.#.#......#.#.#
.........#.##.#.#
##...#.#### ###.#


You could see a wind drake and a small abomination.

Vanquished Creatures
  Gastronok (Lair:2)
  A tentacled starspawn (Abyss:2)
  Harold (D:7)
  Fannar (Lair:2)
  3 hydras
  A two-headed ogre (D:10)
  3 death yaks (D:8)
  An orc high priest (Orc:2)
  Nergalle (D:10)
  Pikel (D:5)
  3 orc knights
  5 orc sorcerers (Orc:2)
  A manticore (shapeshifter) (Abyss:2)
  A large abomination (Abyss:2)
  A smoke demon (Abyss:2)
  5 cane toads
  A kobold demonologist (Abyss:2)
  3 komodo dragons
  6 trolls
  4 polar bears
  5 blink frogs
  2 hornets (D:10)
  8 raiju (Abyss:2)
  3 wraiths
  A wyvern (Lair:2)
  34 yaks
  A vampire mosquito (D:10)
  A neqoxec (Abyss:2)
  2 small abominations (Abyss:2)
  An acid dragon (D:11)
  A naga (Lair:2)
  4 wargs
  3 water moccasins
  Pargi (D:3)
  19 orc warriors
  A sky beast (D:6)
  An ice beast (D:8)
  A black bear (D:6)
  A necrophage (D:5)
  7 ogres
  4 centaurs
  A phantom (D:5)
  3 kobold brigands
  2 bullfrogs
  6 scorpions
  A gnoll sergeant (D:11)
  A water moccasin zombie (D:5)
  3 killer bees (D:9)
  A wight (Abyss:2)
  An electric eel (D:9)
  5 howler monkeys
  A centaur zombie (D:9)
  4 hounds
  A centaur skeleton (D:7)
  Crazy Yiuf (D:7)
  21 orc priests
  2 jellies
  4 bullfrog skeletons
  A gnoll shaman (D:7)
  Jessica (D:3)
  6 iguanas
  25 orc wizards
  7 hell rats (Lair:2)
  A mummy (D:4)
  A howler monkey zombie (D:9)
  26 gnolls
  5 adders
  3 white imps
  An ufetubus (D:4)
  2 worms (D:2)
  A dart slug (D:2)
  62 orcs
  9 bats
  11 endoplasms
  2 giant cockroaches (D:2)
  11 goblins
  5 hobgoblins
  10 jackals
  20 kobolds
  2 quokkas
  10 ball pythons
  4 frilled lizards
  9 rats
  2 fulminant prisms
  3 starspawn tentacles (Abyss:2)
443 creatures vanquished.

Vanquished Creatures (others)
  A large abomination (Abyss:2)
  A small abomination (Abyss:2)
  A wight (Abyss:2)
  A quasit (Abyss:2)
  2 orc wizards
  An ufetubus (Abyss:2)
  120 fulminant prisms
  13 fungi
  38 plants
  26 starspawn tentacles (Abyss:2)
204 creatures vanquished.

Grand Total: 647 creatures vanquished

Notes
Turn   | Place    | Note
-------+----------+-------------------------------------------
     0 | D:1      | Iscandelvey the Demonspawn Arcane Marksman began the quest
                  | for the Orb.
     0 | D:1      | Reached XP level 1. HP: 15/15 MP: 2/2
   189 | D:1      | Gained mutation: You regenerate a little health from kills.
                  | [demonic ancestry]
   189 | D:1      | Reached XP level 2. HP: 21/21 MP: 3/3
   841 | D:1      | Reached XP level 3. HP: 26/26 MP: 5/5
  1153 | D:2      | Found a faded altar of an unknown god.
  1645 | D:2      | Gained mutation: When seriously injured, your blood forms
                  | armour. (AC +12) [demonic ancestry]
  1645 | D:2      | Reached XP level 4. HP: 32/32 MP: 4/6
  1647 | D:2      | Reached skill level 2 in Spellcasting
  1829 | D:2      | Learned a level 4 spell: Cause Fear
  2259 | D:3      | Noticed Jessica
  2262 | D:3      | Reached skill level 1 in Stealth
  2279 | D:3      | Killed Jessica
  2433 | D:3      | Reached skill level 1 in Throwing
  2683 | D:4      | Noticed Pargi
  2770 | D:3      | Killed Pargi
  2771 | D:3      | Reached skill level 1 in Armour
  2771 | D:3      | Gained mutation: You regenerate health from kills. [demonic
                  | ancestry]
  2771 | D:3      | Reached XP level 5. HP: 27/37 MP: 7/9
  3082 | D:4      | Reached XP level 6. HP: 28/43 MP: 10/10
  3172 | D:4      | Reached skill level 3 in Spellcasting
  3560 | D:4      | Gained mutation: When seriously injured, your blood forms
                  | thick armour. (AC +12) [demonic ancestry]
  3560 | D:4      | Reached XP level 7. HP: 48/48 MP: 12/12
  3728 | D:4      | Found a snail-covered altar of Cheibriados.
  3777 | D:5      | Entered Level 5 of the Dungeon
  3956 | D:5      | Reached skill level 5 in Hexes
  4099 | D:5      | Noticed Pikel
  4134 | D:5      | Killed Pikel
  4135 | D:5      | Reached skill level 4 in Spellcasting
  4135 | D:5      | Gained mutation: A meltable shield of frost defends you.
                  | (SH +4) [demonic ancestry]
  4135 | D:5      | Reached XP level 8. HP: 36/54 MP: 12/14
  4274 | D:5      | Found Bezoteh's Distillery.
  4306 | D:5      | Upgraded the game from 0.28-a0-1286-g6bde065e89 to
                  | 0.28-a0-1312-g71652a0310
  4312 | D:5      | Found a staircase to the Ecumenical Temple.
  4367 | Temple   | Entered the Ecumenical Temple
  4598 | Temple   | Became a worshipper of Gozag Ym Sagoz the Greedy
  4802 | D:5      | Reached skill level 5 in Spellcasting
  4802 | D:5      | Reached skill level 1 in Evocations
  5461 | D:6      | Reached XP level 9. HP: 53/59 MP: 17/17
  5623 | D:6      | Found a sparkling altar of Nemelex Xobeh.
  5984 | D:6      | Found a runed translucent gate.
  5984 | D:6      | Found a runed translucent gate.
  5984 | D:6      | Found a runed translucent gate.
  5984 | D:6      | Noticed ThereIsNoGod's ghost (novice DsAK)
  6208 | D:5      | Bought 2 potions of curing for 90 gold pieces
  6208 | D:5      | Bought a potion of flight for 45 gold pieces
  6208 | D:5      | Bought a potion of heal wounds for 75 gold pieces
  6208 | D:5      | Bought a potion of heal wounds for 75 gold pieces
  6583 | D:7      | Reached skill level 6 in Spellcasting
  6868 | D:7      | Learned a level 1 spell: Beastly Appendage
  6871 | D:7      | Learned a level 2 spell: Wereblood
  6876 | D:7      | Noticed Harold
  7023 | D:7      | Killed Harold
  7489 | D:7      | Found an iron altar of Okawaru.
  7537 | D:7      | Found a burning altar of Makhleb.
  7677 | D:7      | Found a runed translucent door.
  7678 | D:7      | Noticed Crazy Yiuf
  7692 | D:7      | Killed Crazy Yiuf
  7693 | D:7      | Gained mutation: When seriously injured, your blood forms
                  | very thick armour. (AC +12) [demonic ancestry]
  7693 | D:7      | Reached XP level 10. HP: 58/65 MP: 20/20
  7992 | D:5      | Bought 2 potions of heal wounds for 150 gold pieces
  7992 | D:5      | Bought a potion of brilliance for 60 gold pieces
  7992 | D:5      | Bought a potion of might for 60 gold pieces
  7996 | D:5      | Identified a scroll of acquirement
  7999 | D:5      | Acquired the +3 pair of gloves of Vehumet's Favour {Rampage
                  | MP+9 Dex+2}
  8616 | D:8      | Reached skill level 5 in Stealth
  8620 | D:8      | Reached skill level 5 in Dodging
  8620 | D:8      | Reached skill level 7 in Spellcasting
  8876 | D:8      | Noticed a death yak
  8921 | D:8      | Found a staircase to the Lair.
  8921 | D:8      | Noticed a death yak
  8921 | D:8      | Noticed a death yak
  9470 | D:9      | Learned a level 4 spell: Leda's Liquefaction
  9765 | D:10     | Entered Level 10 of the Dungeon
  9793 | D:10     | Found a bloodstained altar of Trog.
  9878 | D:10     | Reached skill level 5 in Armour
  9953 | D:10     | Found a flagged portal.
 10004 | Bailey   | Entered a bailey
 10255 | Bailey   | Noticed an orc knight
 10279 | Bailey   | Killed an orc knight
 10280 | Bailey   | Reached skill level 8 in Spellcasting
 10422 | D:10     | Reached XP level 11. HP: 68/70 MP: 23/23
 10535 | D:10     | Found a portal to a secret trove of treasure.
 10619 | D:10     | Paralysed by a hornet for 3 turns
 10837 | D:10     | Noticed a two-headed ogre
 10883 | D:10     | Killed a two-headed ogre
 10884 | D:10     | Reached skill level 5 in Evocations
 10951 | D:10     | Found a staircase to the Orcish Mines.
 11216 | D:10     | Found a hide-covered altar of Uskayaw.
 11668 | D:11     | Noticed a seven-headed hydra
 11971 | D:11     | Noticed a seven-headed hydra
 12412 | Orc:1    | Entered Level 1 of the Orcish Mines
 12459 | Orc:1    | Noticed an orc knight
 12532 | Orc:1    | Reached skill level 9 in Spellcasting
 12566 | Orc:1    | Killed an orc knight
 13072 | Orc:1    | Noticed Nergalle
 13264 | Orc:1    | Noticed a spectral orc warlord
 13384 | D:10     | Learned a level 1 spell: Freeze
 13389 | D:10     | Learned a level 4 spell: Hailstorm
 14421 | D:8      | Killed a death yak
 14494 | D:8      | Reached skill level 1 in Conjurations
 14608 | D:8      | Killed a death yak
 14609 | D:8      | Reached skill level 1 in Ice Magic
 14660 | D:8      | Killed a death yak
 14894 | Lair:1   | Entered Level 1 of the Lair of Beasts
 14919 | Lair:1   | Gained mutation: A meltable icy envelope protects you from
                  | harm. (AC +4) [demonic ancestry]
 14919 | Lair:1   | Reached XP level 12. HP: 65/77 MP: 25/25
 15024 | Lair:1   | Noticed a seven-headed hydra
 15084 | Lair:2   | Noticed Gastronok
 15235 | Lair:1   | Noticed a five-headed hydra
 15622 | Lair:2   | Learned a level 4 spell: Fulminant Prism
 15772 | Lair:2   | Found a staircase to the Snake Pit.
 15986 | Lair:2   | Reached skill level 10 in Spellcasting
 16150 | Lair:1   | Killed a seven-headed hydra
 16151 | Lair:1   | Reached skill level 1 in Shields
 17330 | Lair:1   | Killed a five-headed hydra
 17621 | Lair:2   | Noticed Fannar
 17646 | Lair:2   | Killed Fannar
 17796 | Lair:2   | Killed Gastronok
 17797 | Lair:2   | Reached skill level 5 in Conjurations
 18112 | D:10     | Killed Nergalle
 19018 | Orc:2    | Entered Level 2 of the Orcish Mines
 19459 | Orc:2    | Found a staircase to the Elven Halls.
 19693 | Orc:2    | Reached XP level 13. HP: 62/81 MP: 13/27
 20194 | Orc:2    | Found Pioh's Assorted Antiques.
 20201 | Orc:2    | Found Xookka Xeusi's Book Shoppe.
 20201 | Orc:2    | Found Raomp's Assorted Antiques.
 20207 | Orc:2    | Found Vyf Vueph's Armour Emporium.
 20211 | Orc:2    | Bought a book of Geomancy for 252 gold pieces
 20215 | Orc:2    | Learned a level 3 spell: Stone Arrow
 20218 | Orc:2    | Learned a level 2 spell: Passwall
 20218 | Orc:2    | Bought a book of Power for 588 gold pieces
 20219 | Orc:2    | Bought a smoking ring mail for 252 gold pieces
 20219 | Orc:2    | Identified the +5 ring mail of the Teacher {Will+} (You
                  | bought it in a shop on level 2 of the Orcish Mines)
 20237 | Orc:2    | Bought a thin zirconium amulet for 145 gold pieces
 20237 | Orc:2    | Bought a scroll labelled IVYPUU DIVVOGA for 29 gold pieces
 20237 | Orc:2    | Bought a scroll labelled OFETOE XEEGE for 29 gold pieces
 20237 | Orc:2    | Bought a twisted iron ring for 145 gold pieces
 20237 | Orc:2    | Bought a scroll of identify for 58 gold pieces
 20653 | Orc:1    | You fall into a shaft and drop 1 floor!
 20856 | D:11     | Reached skill level 11 in Spellcasting
 21147 | D:11     | Noticed Sonja
 21418 | D:11     | Cast into level 2 of the Abyss (Sonja)
 21854 | Abyss:2  | Found a corrupted altar of Lugonu.
 21907 | Abyss:2  | Noticed a lich
 22018 | Abyss:2  | Found a runed translucent gate.
 22018 | Abyss:2  | Found a runed translucent gate.
 22018 | Abyss:2  | Found a runed translucent gate.
 22019 | Abyss:2  | Noticed a yellow draconian annihilator
 22166 | Abyss:2  | Noticed a tentacled starspawn
 22201 | Abyss:2  | Killed a tentacled starspawn
 22202 | Abyss:2  | Reached skill level 1 in Earth Magic
 22210 | Abyss:2  | Found a corrupted altar of Lugonu.
 22418 | Abyss:2  | Noticed a starcursed mass
 22435 | Abyss:2  | Found a corrupted altar of Lugonu.
 22438 | Abyss:2  | Noticed a tentacled starspawn
 22445 | Abyss:2  | Found a snail-covered altar of Cheibriados.
 22658 | Abyss:2  | Noticed an eidolon
 22661 | Abyss:2  | Noticed a tentacled starspawn
 22662 | Abyss:2  | Noticed a tentacled starspawn
 22674 | Abyss:2  | Noticed a tentacled starspawn
 22688 | Abyss:2  | Found a corrupted altar of Lugonu.
 23147 | Abyss:2  | Noticed a tentacled starspawn
 23162 | Abyss:2  | Noticed a red very ugly thing
 23162 | Abyss:2  | Noticed a red very ugly thing
 23163 | Abyss:2  | Noticed a red very ugly thing
 23181 | Abyss:2  | Noticed a starcursed mass
 23188 | Abyss:2  | Identified the +9 dagger of the Puffin {vorpal, Fragile rF-
                  | rC+++ Dex+7}
 23190 | Abyss:2  | Noticed a purple very ugly thing
 23190 | Abyss:2  | Noticed a purple very ugly thing
 23191 | Abyss:2  | Noticed a purple very ugly thing
 23305 | Abyss:2  | Noticed a tentacled starspawn
 23348 | Abyss:2  | Noticed a daeva
 23360 | Abyss:2  | Noticed a starcursed mass
 23397 | Abyss:2  | Noticed a blizzard demon
 23454 | Abyss:2  | Noticed a tentacled starspawn
 23492 | Abyss:2  | Noticed a tentacled starspawn
 23570 | Abyss:2  | Noticed an ancient lich
 23580 | Abyss:2  | Killed from afar by an ancient lich

Illustrated notes

Levels and vault maps discovered:
D:1:      grunt_arrival_crossed_arrows, layout_loops_cross,
          wad_floor_pattern_untrapped
D:2:      layout_loops_cross, shapermc_ecumenical_altar_ellora,
          minmay_hexomino_c4
D:3:      layout_basic, uniq_jessica
D:4:      layout_rooms, slow_altar_2, kennysheep_small_circle, uniq_pargi
D:5:      layout_basic, minmay_temple_entry_junction_2, serial_shops, shop,
          chequers_serial_rivers_micro_e, uniq_pikel
D:6:      layout_basic, mainiacjoe_overflow_large_starburst,
          gammafunk_ghost_nasty_kobolds
D:7:      layout_loops_ring, lemuel_coloured_pillars_altar,
          mainiacjoe_overflow_alcove_2, hex_medium, serial_park_tiny_1,
          uniq_harold, uniq_crazy_yiuf_cottage
D:8:      layout_loops_cross, dpeg_lair_monsters
D:9:      layout_big_octagon, serial_bayou_lagoon_a
D:10:     layout_irregular_city, nicolae_uskayaw_dance_studio,
          trog_ov_bears_minmay, orc_0_dummy, enter_trove_1, enter_bailey_3
D:11:     layout_layer_cave, uniq_sonja
Temple:   regret_index_temple_generic_petals
Lair:1:   layout_roguey, infiniplex_staircase_pool_2
Lair:2:   layout_regular_city, guppyfry_snake_entry_island,
          nicolae_spider_entry_orb_guardian, uniq_fannar, uniq_gastronok
Orc:1:    nicolae_orc_accident_1, layout_caves, basic_altar, abandoned_shop,
          nicolae_orc_pool_cavern, uniq_nergalle
Orc:2:    st_orc_mages, layout_caves
Abyss:2:  base: D:6, evilmike_abyss_exit_1, bh_abyss_exit_choice,
          lemuel_flamethrower_2, evilmike_abyss_exit_10,
          hangedman_abyss_or_decor_lesser_grid

Skill      XL: |  1  2  3  4  5  6  7  8  9 10 11 12 13 |
---------------+----------------------------------------+-----
Dodging        | 2 3 4 5 6 7 |  7.9
Spellcasting   | 2 3 4 5 6 8 9 10 11 | 11.2
Stealth        | 1 2 3 4 5 7 |  7.0
Throwing       | 1 2 |  2.9
Armour         | 1 2 3 4 5 6 |  6.4
Hexes          | 4 5 6 7 9 |  9.0
Evocations     | 1 3 4 6 7 |  7.7
Conjurations   | 2 5 7 |  7.0
Ice Magic      | 1 3 |  3.8
Shields        | 2 3 |  3.4
Earth Magic    | 1 |  1.6
Fighting       | |  1.2
Slings         | |  1.9

Action                   |  1- 3 |  4- 6 |  7- 9 | 10-12 | 13-15 || total
-------------------------+-------+-------+-------+-------+-------++-------
Melee: Short sword       |     7 |   120 |    27 |       |       ||   154
       Dagger            |       |       |   441 |  1526 |   174 ||  2141
       Whip              |       |       |    48 |       |    34 ||    82
       Halberd           |       |       |       |    16 |       ||    16
       Kick              |       |       |       |    14 |       ||    14
       Headbutt          |       |       |       |    17 |       ||    17
       Unarmed           |       |       |       |     5 |       ||     5
 Fire: Hunting sling     |   139 |    60 |    35 |       |       ||   234
Throw: Dart              |       |    69 |    61 |   232 |    13 ||   375
       Boomerang         |       |       |    12 |    18 |       ||    30
       Stone             |       |       |       |     2 |       ||     2
 Cast: Slow              |     3 |    15 |    29 |    63 |     8 ||   118
       Cause Fear        |       |       |       |    37 |     1 ||    38
       Beastly Appendage |       |       |       |     6 |       ||     6
       Freeze            |       |       |       |    16 |       ||    16
       Leda's Liquefacti |       |       |       |     4 |       ||     4
       Wereblood         |       |       |       |     8 |       ||     8
       Fulminant Prism   |       |       |       |    68 |    56 ||   124
       Hailstorm         |       |       |       |     2 |     1 ||     3
       Passwall          |       |       |       |       |    37 ||    37
       Stone Arrow       |       |       |       |       |    23 ||    23
Evoke: Wand              |       |       |       |     3 |     1 ||     4
       Lightning rod     |       |       |       |     3 |     1 ||     4
  Use: Potion            |     2 |       |     2 |       |     4 ||     8
       Scroll            |       |       |       |     8 |     8 ||    16
 Stab: Sleeping          |       |     4 |    10 |    16 |       ||    30
       Distracted        |       |       |       |     9 |     2 ||    11
       Fleeing           |       |       |       |     3 |       ||     3
       Confused          |       |       |       |     2 |       ||     2
Armor: Robe              |    14 |    42 |    17 |       |       ||    73
       Leather armour    |       |       |    80 |       |       ||    80
       Swamp dragon scal |       |       |       |   360 |       ||   360
       Ring mail         |       |       |       |   401 |   217 ||   618
       Skin              |       |       |       |     1 |       ||     1
Dodge: Dodged            |    39 |   138 |   217 |   946 |   312 ||  1652
Block: Other             |       |       |    70 |   214 |       ||   284
       Buckler           |       |       |       |   119 |   221 ||   340

Table legend: (Time is in decaauts)
 A = Elapsed time spent in this place.
 B = Non-inter-level travel time spent in this place.
 C = Inter-level travel time spent in this place.
 D = Time resting spent in this place.
 E = Time spent auto-exploring this place.
 F = Levels seen in this place.
 G = Mean time per level.
                   A        B        C        D        E       F      G
               +--------+--------+--------+--------+--------+-----+--------+
         Total |  23672 |  21875 |   1797 |   3223 |   8804 |  18 | 1315.1 |
       Dungeon |  14206 |  13190 |   1016 |   1326 |   6810 |  11 | 1291.5 |
        Temple |    269 |    212 |     57 |      0 |    201 |   1 |  269.0 |
          Lair |   3148 |   2679 |    469 |    743 |    667 |   2 | 1574.0 |
  Orcish Mines |   3533 |   3278 |    255 |    191 |   1125 |   2 | 1766.5 |
         Abyss |   2138 |   2138 |      0 |    962 |      0 |   1 | 2138.0 |
        Bailey |    376 |    376 |      0 |      0 |      0 |   1 |  376.0 |
               +--------+--------+--------+--------+--------+-----+--------+

Top non-repeatable levels by time:
    D:10: 2563 daAuts
  Lair:1: 2194 daAuts
 Abyss:2: 2138 daAuts
   Orc:1: 1967 daAuts
   Orc:2: 1565 daAuts
     D:5: 1500 daAuts
     D:8: 1447 daAuts
     D:7: 1420 daAuts
    D:11: 1240 daAuts
     D:6: 1232 daAuts
     D:1: 1086 daAuts
     D:9: 999 daAuts
  Lair:2: 954 daAuts
     D:3: 946 daAuts
     D:2: 896 daAuts
